 Dungeon Crawl Stone Soup version 0.28.0-43-g3370ac3207 (webtiles) character file.

Game seed: 10227595927871497564

18774 pkoi the Tainter (level 12, -4/97 HPs)
             Began as a Demigod Venom Mage on Mar 31, 2022.
             Slain by an eight-headed hydra (12 damage)
             ... on level 3 of the Lair of Beasts.
             The game lasted 00:45:58 (21510 turns).

pkoi the Tainter (Demigod Venom Mage)              Turns: 21510, Time: 00:45:58

Health: -4/97      AC:  5    Str:  9    XL:     12   Next: 4%
Magic:  0/43       EV: 15    Int: 33    God:
Gold:   437        SH:  0    Dex: 14    Spells: 9/23 levels left

rFire   + . .      SeeInvis .   s - +2 dagger (speed)
rCold   + . .      Faith    .   (no shield)
rNeg    . . .      Spirit   +   r - +1 robe {rC+ rF+}
rPois   .          Reflect  .   (no helmet)
rElec   .          Harm     .   F - +0 cloak
rCorr   .          Rampage  .   (no gloves)
Will    +....                   A - +0 pair of boots
Stlth   ++........              i - amulet of guardian spirit
HPRegen 0.26/turn               l - ring of magical power
MPRegen 0.28/turn               y - ring of magical power

@: lethally poisoned (-4 -> -8)
A: high MP 1, forlorn, divine attributes
a: no special abilities


You were on level 3 of the Lair of Beasts.
You visited 3 branches of the dungeon, and saw 15 of its levels.
You also visited: Bailey.

You collected 697 gold pieces.
You spent 260 gold pieces at shops.

Inventory:

Hand Weapons
 b - a +1 mace
 e - a +0 vorpal short sword
 g - a +2 dagger of flaming
 s - a +2 dagger of speed (weapon)
 v - a +0 falchion of holy wrath
 E - a +2 scimitar of holy wrath
Missiles
 a - 22 poisoned darts
Armour
 r - a +1 robe of resistance (worn)
 A - a +0 pair of boots (worn)
 F - a +0 cloak (worn)
Jewellery
 c - a ring of positive energy
 d - a ring of see invisible
 h - a ring of ice
 i - an amulet of guardian spirit (around neck)
 j - a ring of protection from fire
 l - a ring of magical power (left hand)
 m - a +4 ring of protection
 y - a ring of magical power (right hand)
Wands
 n - a wand of mindburst (9)
 q - a wand of acid (4)
 u - a wand of polymorph (6)
 w - a wand of iceblast (9)
 C - a wand of digging (6)
Scrolls
 p - 2 scrolls of blinking
 D - a scroll of fear
 G - a scroll of identify
 H - a scroll of enchant armour {unknown}
Potions
 f - 4 potions of haste
 k - a potion of heal wounds
 o - 6 potions of curing
 t - a potion of attraction
 x - a potion of cancellation
 z - a potion of flight
 B - a potion of mutation {unknown}


   Skills:
 + Level 6.9 Fighting
 + Level 7.2 Dodging
 - Level 1.7 Stealth
 + Level 6.3 Spellcasting
 + Level 5.2 Transmutations
 - Level 3.0 Fire Magic
 * Level 9.3 Air Magic
 - Level 10.0 Poison Magic


You had 9 spell levels left.
You knew the following spells:

 Your Spells              Type           Power      Damage    Failure   Level
a - Sting                 Tmut/Pois      100%       1d8       1%          1
b - Poisonous Vapours     Pois/Air       100%       N/A       1%          2
c - Olgreb's Toxic Radia  Pois           66%        N/A       1%          4
d - Airstrike             Air            32%        N/A       1%          4
e - Ignite Poison         Fire/Tmut/Pois 50%        N/A       1%          3

Your spell library contained the following spells:

 Spells                   Type           Power      Damage    Failure   Level
 Mephitic Cloud           Conj/Pois/Air  52%        N/A       1%          3
 Animate Skeleton         Necr           20%        N/A       4%          1
 Pain                     Necr           40%        1d6       4%          1
 Conjure Flame            Conj/Fire      20%        6-21      7%          3
 Dazzling Flash           Conj/Hex       20%        N/A       12%         3
 Summon Guardian Golem    Hex/Summ       10%        N/A       12%         3
 Vampiric Draining        Necr           10%        2d6       12%         3
 Ice Form                 Ice/Tmut       27%        N/A       14%         4
 Silence                  Hex/Air        20%        N/A       17%         5
 Sticky Flame             Conj/Fire      20%        2d4       22%         4
 Agony                    Necr           10%        N/A       75%         5
 Orb of Destruction       Conj           5%         9d5       100%        7
 Spellforged Servitor     Conj/Summ      5%         N/A       100%        7


Dungeon Overview and Level Annotations

Branches:
Dungeon (11/15)            Temple (1/1) D:7            Lair (3/6) D:10
    Orc (0/2) D:10         Bailey (visited)
  Swamp: Lair:2-4    Shoals: Lair:2-4     Snake: Lair:2-4    Spider: Lair:2-4

Shops:
D:3 :   D:7 (

Portals:
Trove: D:10 (give +2 gold dragon scales)

Annotations:
D:4 2 transporters, croobank's ghost, amateur OpFE
D:5 Grinder
D:8 3 runed translucent doors, pkoi's ghost, novice DgAr


Innate Abilities, Weirdness & Mutations

You have an increased reservoir of magic. (+10% MP)
You shall have no god before yourself.
Your divine heritage dramatically boosts your attributes as you level up.


Message History

The eight-headed hydra closely misses you.
The eight-headed hydra misses you. The eight-headed hydra bites you!
* * * LOW HITPOINT WARNING * * *
The eight-headed hydra barely misses you.
The eight-headed hydra bites you!
* * * LOW HITPOINT WARNING * * *
The eight-headed hydra completely misses you.
Aiming: Airstrike (mildly dangerous; 1% risk of failure)
Press: ? - help, Q - select action, (/) - cycle Dir - move target, f/p - eight-headed hydra
Aim: an eight-headed hydra (heavily wounded, empty space bonus: 5/8)
The air twists around and strikes the eight-headed hydra!!
The eight-headed hydra is severely wounded.
You feel sick.
The eight-headed hydra closely misses you.
The eight-headed hydra misses you. x2
The eight-headed hydra barely misses you. x2
The eight-headed hydra bites you!
* * * LOW HITPOINT WARNING * * *
The eight-headed hydra bites you!
* * * LOW HITPOINT WARNING * * *
The eight-headed hydra bites you!
* * * LOW HITPOINT WARNING * * *
Unknown command.
Aiming: Airstrike (mildly dangerous; 1% risk of failure)
Press: ? - help, Q - select action, (/) - cycle Dir - move target, f/p - eight-headed hydra
Aim: an eight-headed hydra (severely wounded, empty space bonus: 5/8)
The air twists around and strikes the eight-headed hydra!
The eight-headed hydra is almost dead.
You feel sick.
The eight-headed hydra bites you but does no damage.
The eight-headed hydra barely misses you.
The eight-headed hydra bites you but does no damage.
The eight-headed hydra bites you!
* * * LOW HITPOINT WARNING * * *
The eight-headed hydra barely misses you.
The eight-headed hydra bites you.
* * * LOW HITPOINT WARNING * * *
The eight-headed hydra barely misses you.
The eight-headed hydra bites you!
You die...

#.♣.♣.#
♣..#.....#..
#§♣.♣.#
♣..+#####+..
#.♣♣♣.#
♣.^.........
#♣.♣.♣#
♣...........
♣.♣.
♣♣♣♣♣♣.♣♣♣♣♣
♣♣.♣ ♣.♣
♣^♣### ###
♣....♣ ♣@D♣
♣...♣ ♣.♣♣♣♣
♣♣


You could see an eight-headed hydra.

Vanquished Creatures
  2 hydras (Lair:2)
  A two-headed ogre (D:6)
  4 death yaks (Lair:3)
  2 black mambas (Lair:3)
  4 cane toads
  A gargoyle (D:11)
  An unseen horror (D:10)
  2 komodo dragons
  3 trolls
  A hornet (Lair:1)
  4 slime creatures
  8 blink frogs
  12 yaks
  A shadow (D:10)
  2 wyverns
  A wraith (D:10)
  2 basilisks (Lair:3)
  3 vampire mosquitoes (D:10)
  A steam dragon (D:8)
  Menkaure (D:6)
  An acid dragon (D:10)
  Duvessa (D:5)
  4 water moccasins
  A black bear (D:8)
  A necrophage (D:4)
  3 ice beasts
  12 orc warriors
  2 sky beasts (D:7)
  6 wolves
  2 centaurs
  3 kobold brigands
  11 bullfrogs
  A wyvern zombie (D:8)
  3 scorpions (D:6)
  A wyvern skeleton (D:6)
  Dowan (D:5)
  5 wights (D:10)
  2 howler monkeys (D:7)
  2 electric eels (Lair:1)
  2 centaur zombies
  2 hounds
  3 jellies
  2 orc priests
  A bullfrog skeleton (D:5)
  A centaur skeleton (D:5)
  Ijyb (D:4)
  A gnoll shaman (D:7)
  4 orc wizards
  4 iguanas
  A hound skeleton (D:5)
  11 adders
  9 gnolls
  3 white imps
  An ufetubus (D:4)
  A worm (D:4)
  2 dart slugs
  21 orcs
  7 ball pythons
  A bat (D:2)
  5 endoplasms
  5 giant cockroaches
  8 goblins
  6 hobgoblins
  2 jackals (D:2)
  11 kobolds
  A quokka (D:1)
  6 frilled lizards
  3 rats
243 creatures vanquished.

Vanquished Creatures (others)
  7 fungi
  16 plants
23 creatures vanquished.

Grand Total: 266 creatures vanquished

Notes
Turn   | Place    | Note
-------+----------+-------------------------------------------
     0 | D:1      | pkoi the Demigod Venom Mage began the quest for the Orb.
     0 | D:1      | Reached XP level 1. HP: 14/14 MP: 5/5
   267 | D:1      | Reached skill level 3 in Poison Magic
   545 | D:1      | Reached XP level 2. HP: 9/20 MP: 1/7
  1722 | D:2      | Reached skill level 4 in Poison Magic
  1722 | D:2      | Reached XP level 3. HP: 13/26 MP: 1/8
  2244 | D:2      | Learned a level 2 spell: Poisonous Vapours
  2401 | D:2      | Reached XP level 4. HP: 25/33 MP: 0/9
  2591 | D:2      | Reached skill level 1 in Air Magic
  3152 | D:3      | Found Egarireef's Book Shop.
  3740 | D:4      | Noticed a necrophage
  3741 | D:4      | Found a transporter.
  3741 | D:4      | Noticed croobank's ghost (amateur OpFE)
  3829 | D:4      | Found a transporter.
  3846 | D:4      | Noticed a necrophage
  4011 | D:4      | Reached skill level 5 in Poison Magic
  4011 | D:4      | Reached XP level 5. HP: 28/38 MP: 2/10
  4130 | D:4      | Killed a necrophage
  4754 | D:4      | Reached XP level 6. HP: 43/45 MP: 11/11
  4771 | D:4      | Learned a level 4 spell: Olgreb's Toxic Radiance
  5177 | D:5      | Entered Level 5 of the Dungeon
  5199 | D:5      | Noticed Grinder
  5374 | D:5      | Noticed Ijyb
  5384 | D:4      | Killed Ijyb
  5596 | D:5      | Reached skill level 6 in Poison Magic
  6252 | D:6      | Reached skill level 7 in Poison Magic
  6252 | D:6      | Reached XP level 7. HP: 18/50 MP: 1/12
  6862 | D:6      | Reached skill level 8 in Poison Magic
  7122 | D:5      | Noticed Duvessa
  7146 | D:5      | Killed Duvessa
  7410 | D:5      | Noticed Dowan
  7418 | D:5      | Killed Dowan
  7419 | D:5      | Reached XP level 8. HP: 51/57 MP: 13/13
  7557 | D:6      | Reached skill level 9 in Poison Magic
  8130 | D:6      | Noticed Menkaure
  8414 | D:6      | Noticed a two-headed ogre
  8521 | D:6      | Killed a two-headed ogre
  8522 | D:6      | Reached skill level 1 in Transmutations
  9228 | D:7      | Found Apsyzock's Antique Weapon Shop.
  9366 | D:7      | Reached XP level 9. HP: 36/69 MP: 14/16
  9634 | D:7      | Found a staircase to the Ecumenical Temple.
  9642 | Temple   | Entered the Ecumenical Temple
  9879 | D:6      | Killed Menkaure
 11054 | D:8      | Found a runed translucent gate.
 11054 | D:8      | Found a runed translucent gate.
 11054 | D:8      | Found a runed translucent gate.
 12006 | D:8      | Noticed pkoi's ghost (novice DgAr)
 12211 | D:9      | Found a flagged portal.
 12321 | Bailey   | Entered a bailey
 12424 | Bailey   | Reached skill level 5 in Dodging
 12502 | Bailey   | Noticed an orc knight
 13011 | D:9      | HP: 3/72 [wyvern (11)]
 13517 | D:9      | Noticed a fire crab
 14096 | D:9      | Noticed a yaktaur
 14645 | D:10     | Entered Level 10 of the Dungeon
 14673 | D:10     | Reached skill level 5 in Fighting
 14673 | D:10     | Reached XP level 10. HP: 65/81 MP: 17/19
 14768 | D:10     | Found a portal to a secret trove of treasure.
 14985 | D:10     | Found a staircase to the Lair.
 15039 | Lair:1   | Entered Level 1 of the Lair of Beasts
 15968 | D:3      | Bought Jiusokaa's Disquisition on Frigorific Weightlessness
                  | for 260 gold pieces
 15973 | D:3      | Learned a level 4 spell: Airstrike
 16155 | D:9      | Reached skill level 5 in Air Magic
 16155 | D:9      | Reached skill level 10 in Poison Magic
 16231 | D:9      | Noticed an alligator
 17732 | D:10     | Reached skill level 5 in Spellcasting
 18148 | D:10     | Found a staircase to the Orcish Mines.
 18502 | D:11     | Noticed a manticore
 18507 | D:11     | Reached XP level 11. HP: 58/89 MP: 8/22
 19500 | Lair:2   | Learned a level 3 spell: Ignite Poison
 19753 | Lair:2   | Reached skill level 1 in Fire Magic
 19890 | Lair:2   | Noticed an eight-headed hydra
 19903 | Lair:2   | Killed an eight-headed hydra
 20014 | Lair:2   | Identified the ring "Kaampuoc" {Fire Dex+4}
 20132 | Lair:2   | Noticed a seven-headed hydra
 20137 | Lair:2   | Killed a seven-headed hydra
 20854 | Lair:3   | Noticed a death yak
 20854 | Lair:3   | Noticed a death yak
 20863 | Lair:3   | Killed a death yak
 20863 | Lair:3   | Killed a death yak
 20900 | Lair:3   | Noticed a death yak
 20924 | Lair:3   | Killed a death yak
 20925 | Lair:3   | Noticed a seven-headed hydra
 20925 | Lair:3   | Noticed a death yak
 20925 | Lair:3   | Noticed a death yak
 20929 | Lair:3   | Noticed a death yak
 20933 | Lair:3   | Killed a death yak
 20934 | Lair:3   | Reached skill level 5 in Transmutations
 21357 | Lair:3   | Reached XP level 12. HP: 70/97 MP: 16/25
 21503 | Lair:3   | Noticed an eight-headed hydra
 21510 | Lair:3   | Slain by an eight-headed hydra

Illustrated notes

Levels and vault maps discovered:
D:1:      dpeg_arrival_morbid_curiosity, layout_basic, basic_ecumenical_altar
D:2:      layout_basic, basic_altar
D:3:      layout_loops_ring, serial_shops, nicolae_shop_trees
D:4:      layout_basic, gammafunk_ghost_arena, chequers_serial_rivers_large_a
D:5:      layout_loops_cross, uniq_duvessa, uniq_grinder, uniq_ijyb
D:6:      layout_loops_ring, kennysheep_cross_room, fountainhead,
          minmay_misc_feat_rugged, minmay_increasing_density, uniq_menkaure
D:7:      layout_rooms, minmay_overflow_temple_star_quad,
          minmay_temple_entry_enclosed_plants, serial_shops, shop
D:8:      layout_basic, led_sif_pool, gammafunk_ghost_spectres, lightli_minifort
D:9:      layout_roguey, xom_shifter_show, trog_three_pillars_becter,
          enter_bailey_8, grunt_decor_resistance
D:10:     layout_cave_pools, lair_entry_dummy, david_orc_4,
          nicolae_trove_entry_free_sample
D:11:     wander_river, layout_loops_ring, portal_ice_cave_demonic_guard,
          special_room [special_room_bee]
Temple:   nicolae_temple_elliptical
Lair:1:   minmay_lair_venomous_thicket, layout_gridlike,
          nicolae_quartered_pool_little
Lair:2:   layout_chaotic_city, minivault_23, grunt_megastairs_4
Lair:3:   nzn_winding_woodlands_stair_trap
          [nzn_winding_woodlands_5x15_lazy_stream,
          nzn_winding_woodlands_5x15_river_crossing,
          nzn_winding_woodlands_5x15_eye, nzn_winding_woodlands_15x15_killbox,
          nzn_winding_woodlands_5x15_parted, nzn_winding_woodlands_5x15_crooked,
          nzn_winding_woodlands_5x15_pockets], layout_regular_city,
          patterned_corridor, infiniplex_staircase_pool, serial_bayou_shore_b

Skill      XL: |  1  2  3  4  5  6  7  8  9 10 11 |
---------------+----------------------------------+-----
Poison Magic   | 3 4 5 7 8 9 10 | 10.0
Air Magic      | 2 3 4 7 9 |  9.3
Fighting       | 3 5 6 |  6.9
Dodging        | 3 5 6 7 |  7.2
Spellcasting   | 2 3 5 6 |  6.3
Transmutations | 2 3 5 |  5.2
Fire Magic     | 3 |  3.0
Stealth        | |  1.7

Action                   |  1- 3 |  4- 6 |  7- 9 | 10-12 || total
-------------------------+-------+-------+-------+-------++-------
Melee: Mace              |     5 |       |       |       ||     5
       Unarmed           |     2 |       |       |       ||     2
       Dagger            |     7 |    69 |   107 |    20 ||   203
       Punch             |       |     2 |     2 |     1 ||     5
       Falchion          |       |       |    17 |       ||    17
       Scimitar          |       |       |     4 |       ||     4
 Cast: Sting             |    72 |    51 |    39 |    13 ||   175
       Poisonous Vapours |     4 |    25 |    94 |    40 ||   163
       Olgreb's Toxic Ra |       |       |    13 |    15 ||    28
       Airstrike         |       |       |       |   155 ||   155
       Ignite Poison     |       |       |       |    18 ||    18
Evoke: Wand              |       |       |     1 |       ||     1
  Use: Scroll            |     3 |     5 |     7 |     4 ||    19
       Potion            |       |     1 |       |     1 ||     2
 Stab: Sleeping          |       |       |     1 |     1 ||     2
Armor: Robe              |    11 |    22 |    33 |    28 ||    94
Dodge: Dodged            |    27 |    72 |   112 |    98 ||   309
